 Dungeon Crawl Stone Soup version 0.29.1-4-g47bece8355 (webtiles) character file.

Game seed: 4617699289681290971

54523 retardedninja the Executioner (level 14, -12/202 HPs)
             Began as a Hill Orc Fighter on Dec 6, 2022.
             Was an Initiate of Gozag.
             Killed from afar by a swamp worm (19 damage)
             ... with a harpoon shot
             ... called by a spriggan druid
             ... on level 1 of the Swamp.
             The game lasted 00:38:18 (26391 turns).

retardedninja the Executioner (Hill Orc Fighter)   Turns: 26391, Time: 00:38:18

Health: -12/202    AC: 36    Str: 24    XL:     14   Next: 73%
Magic:  14/14      EV:  5    Int: 13    God:    Gozag
Gold:   2746       SH:  0    Dex: 17    Spells: 13/13 levels left

rFire   . . .      SeeInvis +   q - +6 battleaxe (freeze)
rCold   x . .      Faith    .   (shield currently unavailable)
rNeg    . . .      Spirit   .   g - +0 crystal plate armour of Maniarir {rElec rC- Dex+7}
rPois   .          Reflect  .   z - +2 helmet {SInv}
rElec   +          Harm     .   f - +1 cloak {rCorr}
rCorr   +          Rampage  ∞   w - +1 pair of gloves of the Ditch-Digger {Int+5 Stlth+}
Will    +....                   E - +3 pair of seven-league boots {Rampage+∞}
Stlth   ..........              (no amulet)
HPRegen 0.43/turn               (no ring)
MPRegen 0.14/turn               (no ring)

@: brilliant, berserking (expiring), gold aura, hasted, very quick
A: no striking features
a: Renounce Religion, Potion Petition, Call Merchant, Bribe Branch


You were on level 1 of the Swamp.
You worshipped Gozag.
Gozag was most pleased with you.
You visited 5 branches of the dungeon, and saw 20 of its levels.

You collected 7643 gold pieces.
You spent 1620 gold pieces at shops.
You paid 3277 gold pieces to Gozag.

Inventory:

Hand Weapons
 q - a +6 battleaxe of freezing (weapon)
Missiles
 b - 4 javelins
 l - 11 silver javelins (quivered)
Armour
 f - a +1 cloak of preservation (worn)
 g - the +0 crystal plate armour of Maniarir (worn) {rElec rC- Dex+7}
   (You acquired it on level 8 of the Dungeon)

   Dex:       It affects your dexterity (+7).
   rC:        It makes you vulnerable to cold.
   rElec:     It insulates you from electricity.
 w - the +1 pair of gloves of the Ditch-Digger (worn) {Int+5 Stlth+}
   (You found it on level 11 of the Dungeon)

   Int:       It affects your intelligence (+5).
   Stlth:     It makes you more stealthy.
 z - a +2 helmet of see invisible (worn)
 A - a +0 cloak
 E - the +3 pair of seven-league boots (worn) {Rampage+∞}
   (You bought it in a shop on level 4 of the Lair of Beasts)

   Its wearer moves as far as possible in that direction when moving towards
   enemies.
Jewellery
 c - a ring of ice
 k - a +6 ring of intelligence
 M - a ring of resist corrosion
Wands
 m - a wand of digging (4)
 x - a wand of polymorph (24)
 B - a wand of mindburst (9)
 G - a wand of quicksilver (4)
 K - a wand of flame (29)
Scrolls
 a - a scroll of fear
 h - 5 scrolls of teleportation
 j - 4 scrolls of immolation
 n - 5 scrolls of magic mapping
 s - a scroll of amnesia
Potions
 d - 3 potions of magic
 e - 4 potions of brilliance
 i - 4 potions of lignification
 o - 10 potions of curing
 t - 3 potions of ambrosia
 u - 3 potions of mutation
 C - a potion of attraction
 F - a potion of flight
 J - a potion of resistance
Miscellaneous
 y - a box of beasts
 L - a phial of floods


   Skills:
 + Level 15.3 Fighting
 + Level 22.0 Axes
 + Level 1.5 Throwing
 + Level 14.1 Armour
 - Level 1.4 Stealth
 - Level 5.9 Shields
 + Level 0.3 Evocations


You had 13 spell levels left.
You didn't know any spells.
Your spell library contained the following spells:

 Spells                   Type           Power      Damage    Failure   Level
 Freeze                   Ice            0%         1d3       100%        1
 Magic Dart               Conj           0%         1d3       100%        1
 Slow                     Hex            0%         N/A       100%        1
 Call Imp                 Summ           0%         N/A       100%        2
 Searing Ray              Conj           0%         2d4       100%        2
 Confusing Touch          Hex            0%         N/A       100%        3
 Frozen Ramparts          Ice            0%         1d1       100%        3
 Gell's Gravitas          Tloc           0%         N/A       100%        3
 Mephitic Cloud           Conj/Pois/Air  0%         N/A       100%        3
 Teleport Other           Tloc           0%         N/A       100%        3
 Vampiric Draining        Necr           0%         2d6       100%        3
 Fulminant Prism          Conj/Hex       0%         3d6       100%        4
 Hailstorm                Conj/Ice       0%         3d3       100%        4
 Dispersal                Tloc           0%         N/A       100%        6


Dungeon Overview and Level Annotations

Branches:
Dungeon (11/15)            Temple (1/1) D:5            Lair (5/5) D:10
  Swamp (1/4) Lair:2       Spider (0/4) Lair:2        Slime (0/5) Lair:5
    Orc (2/2) D:11            Elf (0/3) Orc:2

Altars:
Ashenzari
Cheibriados
Dithmenos
Elyvilon
Fedhas
Gozag
Hepliaklqana
Kikubaaqudgha
Makhleb
Nemelex Xobeh
Okawaru
Qazlal
Ru
Sif Muna
Trog
Uskayaw
Vehumet
Wu Jian
Xom
Yredelemnul
Zin
The Shining One
Beogh
Jiyva

Shops:
D:1 ?   D:3 [!!   D:8 *   D:10 *   Orc:2 ([*=   Lair:4 [

Annotations:
D:3 exclusion: statue
Orc:2 2 transporters, croobank's ghost, journeyman FeSu


Message History

The hornet is almost dead.
You feel sick.
The hornet stings you but does no damage.
A swamp worm comes into view.
You slice the hornet!! You freeze the hornet.
You kill the hornet!
You slice the alligator!! You freeze the alligator!
The spriggan rider hits you but does no damage.
The alligator bites you but does no damage.
The alligator tail-slaps you.
* * * LOW HITPOINT WARNING * * *
You stride towards the spriggan rider!
You hit the spriggan rider. You freeze the spriggan rider.
The spriggan rider is lightly wounded.
You slice the alligator!!
The alligator seems to slow down.
You freeze the alligator!
You feel sick.
You are no longer poisoned.
The spriggan rider hits you with a +0 spear!
* * * LOW HITPOINT WARNING * * *
The alligator bites you.
* * * LOW HITPOINT WARNING * * *
The alligator tail-slaps you but does no damage.
You closely miss the spriggan rider.
The spriggan rider is lightly wounded.
You closely miss the alligator.
You feel yourself speed up.
The spriggan rider hits you but does no damage.
You are too berserk!
Unknown command.
You are too berserk!
The spriggan rider blocks your attack.
The spriggan rider is lightly wounded.
You slice the alligator!! You freeze the alligator.
You kill the alligator!
You miss the spriggan rider.
The spriggan rider is lightly wounded.
The swamp worm fires a harpoon shot at you.
The harpoon shot hits you!!
You die...
Your body crumbles into a pile of gold.

♣..~♣♣~.......§~~♣
♣.~...♣~~~~~~~~~.♣
♣.~~.~~~~~~~~~~~.♣
♣♣~~♣.~~~.....~~.♣
♣..~w~~~..~§~~.♣
♣~.....~~>.~~~♣
~~.~♣♣..~~..~~.♣♣
~...
♣~.~.:$$...♣~.♣
.~~.
♣♣.....@i~~....
.....~..~~.~~§..
~~~~.~~.~~~~~~~.
~§~~.~~~~~~~~~~~
§.....§~~~~§~~~~
..♣♣~..~~~.~§~~~
§♣ ♣♣♣.~~~~...~~
♣..~~~~~~..


You could see a spriggan rider and a swamp worm.

Vanquished Creatures
  An orc warlord (Orc:2)
  Snorg (Orc:1)
  Josephine (Orc:2)
  Fannar (Orc:1)
  3 hydras
  3 catoblepae (Lair:5)
  2 alligators (Swamp:1)
  A two-headed ogre (D:11)
  5 death yaks (Lair:5)
  Urug (Lair:4)
  The ghost of tevo3000 the Slicer, a novice KoBr of Dithmenos (D:9)
  Nergalle (Orc:1)
  A spriggan druid (Swamp:1)
  4 orc sorcerers
  4 orc knights
  A lindwurm (Lair:4)
  An ugly thing (D:11)
  3 cyclopes
  2 manticores (Lair:5)
  10 elephants
  3 black mambas
  Maurice (D:8)
  A gargoyle (D:11)
  11 cane toads
  Maggie (Lair:2)
  6 komodo dragons
  Psyche (D:11)
  A rime drake (Lair:3)
  A queen bee (Lair:3)
  3 polar bears
  5 trolls
  2 hornets
  18 blink frogs
  8 slime creatures
  Sigmund (D:5)
  5 wraiths
  A vampire (D:11)
  22 yaks
  A spriggan (Swamp:1)
  4 basilisks
  5 wyverns
  3 redbacks (Lair:2)
  2 steam dragons
  2 swamp worms (Swamp:1)
  5 wargs
  13 water moccasins
  20 orc warriors
  3 black bears
  2 sky beasts
  2 ice beasts
  7 ogres
  6 wolves
  2 centaurs
  4 kobold brigands
  6 bullfrogs
  A gnoll sergeant (D:9)
  A necrophage (D:5)
  2 scorpions
  13 wights
  40 killer bees
  5 electric eels
  4 howler monkeys
  3 jellies
  2 hounds (D:5)
  21 orc priests
  4 iguanas
  23 orc wizards
  4 hell rats (Lair:5)
  4 adders
  7 gnolls
  2 shadow imps
  A worm (D:2)
  A dart slug (D:1)
  53 orcs
  9 endoplasms
  3 giant cockroaches
  7 goblins
  5 hobgoblins
  4 jackals (D:2)
  A quokka (D:2)
  11 ball pythons
  7 bats
  5 frilled lizards
  17 kobolds
  6 rats
  A butterfly (Lair:5)
492 creatures vanquished.

Vanquished Creatures (others)
  An orc high priest (Orc:2)
  An orc priest (D:8)
  An orc (D:8)
  10 fungi
  27 plants
40 creatures vanquished.

Grand Total: 532 creatures vanquished

Notes
Turn   | Place    | Note
-------+----------+-------------------------------------------
     0 | D:1      | retardedninja the Hill Orc Fighter began the quest for the
                  | Orb.
     0 | D:1      | Reached XP level 1. HP: 19/19 MP: 1/1
   124 | D:1      | Reached XP level 2. HP: 27/27 MP: 2/2
   174 | D:1      | Found a faded altar of an unknown god.
   436 | D:1      | Found Atoif's Magic Scroll Emporium.
   825 | D:2      | Reached skill level 3 in Axes
   826 | D:2      | Reached XP level 3. HP: 33/33 MP: 3/3
  1171 | D:2      | Reached XP level 4. HP: 40/40 MP: 4/4
  1390 | D:2      | Reached skill level 4 in Axes
  1913 | D:3      | Found Heses's Distillery.
  2030 | D:3      | Found Kotilacze's Distillery.
  2080 | D:3      | Reached XP level 5. HP: 43/47 MP: 5/5
  2252 | D:3      | Found a radiant altar of Vehumet.
  2252 | D:3      | Noticed a charred statue
  2285 | D:3      | Found Cuisa's Armour Shop.
  2705 | D:4      | Noticed a black bear
  2710 | D:4      | Killed a black bear
  2711 | D:4      | Reached skill level 5 in Axes
  2711 | D:4      | Noticed a +0 falchion
  2711 | D:4      | Noticed a +0 spear
  2711 | D:4      | Noticed a +0 dagger
  2727 | D:4      | Noticed a +0 spear
  2742 | D:4      | Noticed a +0 dagger
  2749 | D:4      | Noticed a +0 short sword
  2749 | D:4      | Noticed a +0 short sword
  2752 | D:4      | Noticed a +0 falchion
  2753 | D:4      | Found a hide-covered altar of Uskayaw.
  2864 | D:4      | Reached XP level 6. HP: 53/53 MP: 6/6
  2923 | D:4      | Reached skill level 6 in Axes
  4051 | D:5      | Entered Level 5 of the Dungeon
  4065 | D:5      | Reached XP level 7. HP: 52/60 MP: 7/7
  4164 | D:5      | Noticed Sigmund
  4176 | D:5      | Killed Sigmund
  4177 | D:5      | Reached skill level 5 in Fighting
  4177 | D:5      | Reached skill level 7 in Axes
  4177 | D:5      | Reached skill level 5 in Armour
  4342 | D:5      | Reached skill level 8 in Axes
  4443 | D:5      | Found a shadowy altar of Dithmenos.
  4563 | D:5      | Reached XP level 8. HP: 69/69 MP: 8/8
  4566 | D:5      | Found an ancient bone altar of Kikubaaqudgha.
  4635 | D:5      | Found a staircase to the Ecumenical Temple.
  4648 | Temple   | Entered the Ecumenical Temple
  5175 | D:6      | Reached skill level 9 in Axes
  5505 | D:6      | Found a shimmering altar of Xom.
  6955 | D:7      | Noticed Pikel
  6957 | D:7      | Noticed Pikel
  6957 | D:7      | Pikel changed into Pikel the black bear
  6966 | D:7      | Killed Pikel the black bear
  6967 | D:7      | Reached skill level 1 in Throwing
  7090 | D:6      | HP: 2/70 [orc warrior/+0 hand axe (10)]
  7996 | D:7      | Reached skill level 5 in Shields
  7998 | D:7      | Reached XP level 9. HP: 59/78 MP: 9/9
  8005 | D:7      | Reached skill level 10 in Axes
  8296 | D:8      | Found Gozag's Platinum Reserve.
  8299 | D:8      | Found an opulent altar of Gozag.
  8340 | D:8      | Became a worshipper of Gozag Ym Sagoz the Greedy
  8664 | D:8      | Reached skill level 11 in Axes
  9100 | D:8      | Noticed Maurice
  9105 | D:8      | Killed Maurice
  9707 | D:8      | Reached skill level 12 in Axes
 10000 | D:8      | Identified a scroll of acquirement
 10000 | D:8      | Acquired the +0 crystal plate armour of Maniarir {rElec rC-
                  | Dex+7}
 10053 | D:9      | Reached XP level 10. HP: 82/88 MP: 10/10
 10117 | D:9      | Reached skill level 1 in Stealth
 10274 | D:9      | Noticed tevo3000's ghost (novice KoBr)
 10315 | D:9      | Found a runed translucent door.
 10358 | D:9      | Reached skill level 13 in Axes
 11149 | D:9      | Found a shimmering blue altar of Sif Muna.
 11240 | D:9      | Found a broken altar of Ashenzari.
 11939 | D:9      | Killed tevo3000's ghost
 11940 | D:9      | Reached skill level 14 in Axes
 11990 | D:10     | Entered Level 10 of the Dungeon
 12434 | D:10     | Found a staircase to the Lair.
 12666 | D:10     | Reached XP level 11. HP: 93/97 MP: 11/11
 13247 | D:10     | Bought a scroll of identify for 54 gold pieces
 13251 | Lair:1   | Entered Level 1 of the Lair of Beasts
 13290 | Lair:1   | Identified the +1 ring mail of Fojosuix {Rampage +Inv rN+}
 13567 | Lair:1   | Reached skill level 15 in Axes
 13590 | Lair:1   | Reached skill level 10 in Armour
 14363 | Lair:2   | Noticed a five-headed hydra
 14372 | Lair:2   | Killed a nine-headed hydra
 14493 | Lair:2   | Found a staircase to the Swamp.
 14498 | Lair:2   | Noticed Maggie
 14509 | Lair:2   | Killed Maggie
 14591 | Lair:2   | Reached skill level 16 in Axes
 14607 | Lair:2   | Found a hole to the Spider Nest.
 15048 | Lair:2   | Reached skill level 10 in Fighting
 15588 | Lair:3   | Reached XP level 12. HP: 84/106 MP: 12/12
 15739 | Lair:3   | Reached skill level 17 in Axes
 16148 | Lair:3   | Noticed a four-headed hydra
 16158 | Lair:3   | Killed a six-headed hydra
 16159 | Lair:3   | Reached skill level 18 in Axes
 17268 | Lair:3   | Found the +7 mace of Variability {chain chaos}
 17571 | Lair:4   | Reached skill level 19 in Axes
 17740 | Lair:4   | Acquired 764 gold pieces
 17743 | Lair:4   | Reached XP level 13. HP: 118/118 MP: 13/13
 17956 | Lair:4   | Noticed Urug
 17970 | Lair:4   | Killed Urug
 18414 | Lair:4   | Acquired 1076 gold pieces
 18416 | Lair:4   | Acquired 1003 gold pieces
 18818 | Lair:4   | Bought the +3 pair of seven-league boots {Rampage+∞} for
                  | 1200 gold pieces
 18818 | Lair:4   | Found the +3 pair of seven-league boots {Rampage+∞}
 18841 | Lair:5   | Entered Level 5 of the Lair of Beasts
 18841 | Lair:5   | Found a viscous altar of Jiyva.
 18841 | Lair:5   | Found a staircase to the Slime Pits.
 19268 | Lair:5   | Reached skill level 20 in Axes
 20889 | D:11     | Found a staircase to the Orcish Mines.
 20972 | D:11     | Reached skill level 21 in Axes
 21149 | D:11     | Reached XP level 14. HP: 93/132 MP: 14/14
 21181 | D:11     | Identified the +1 pair of gloves of the Ditch-Digger {Int+5
                  | Stlth+}
 21181 | D:11     | Noticed Psyche
 21189 | D:11     | Killed Psyche
 21826 | Orc:1    | Entered Level 1 of the Orcish Mines
 21826 | Orc:1    | Noticed Snorg
 21834 | Orc:1    | Killed Snorg
 21839 | Orc:1    | Noticed Nergalle
 21859 | Orc:1    | Found a roughly hewn altar of Beogh.
 21866 | Orc:1    | Killed Nergalle
 22324 | Orc:1    | Noticed Fannar
 22342 | Orc:1    | Killed Fannar
 23016 | Orc:2    | Entered Level 2 of the Orcish Mines
 23062 | Orc:2    | Noticed an orc warlord
 23718 | Orc:2    | Found a staircase to the Elven Halls.
 23907 | Orc:2    | Noticed Josephine
 23921 | Orc:2    | Killed Josephine
 24105 | Orc:2    | Found a roughly hewn altar of Beogh.
 24720 | Orc:2    | Found Fizur's General Store.
 24735 | Orc:2    | Reached skill level 15 in Fighting
 24735 | Orc:2    | Killed an orc warlord
 25381 | Orc:2    | Noticed croobank's ghost (journeyman FeSu)
 25383 | Orc:2    | Found a bloodstained altar of Trog.
 25466 | Orc:2    | Found Oraq's Jewellery Shoppe.
 25471 | Orc:2    | Found Qaahia's Antique Armour Shoppe.
 25482 | Orc:2    | Bought an embroidered cloak for 172 gold pieces
 25577 | Orc:2    | Found Biufuo's Antique Weapon Shoppe.
 25655 | Orc:2    | Found a transporter.
 25674 | Orc:2    | Found a transporter.
 25975 | D:1      | Bought a scroll of enchant weapon for 97 gold pieces
 25975 | D:1      | Bought a scroll of enchant armour for 97 gold pieces
 26167 | Swamp:1  | Entered Level 1 of the Swamp
 26183 | Swamp:1  | Reached skill level 22 in Axes
 26382 | Swamp:1  | Paralysed by a hornet for 3 turns
 26388 | Swamp:1  | HP: 6/202 [alligator[a spriggan druid] (6)]
 26391 | Swamp:1  | Killed from afar by a swamp worm

Illustrated notes

Levels and vault maps discovered:
D:1:      minmay_arrival_up_and_down, layout_basic,
          ebering_ecumenical_altar_mist, serial_shops, shop
D:2:      layout_basic, minmay_liquid_box
D:3:      layout_loops_ring, vehumet_statue, serial_shops,
          nicolae_shop_waterfront, shop, shop, minmay_quantized
D:4:      layout_rooms, nicolae_uskayaw_en_pointe, serial_rivers,
          chequers_serial_rivers_small_3, chequers_serial_rivers_small_3,
          chequers_serial_rivers_micro_e, chequers_serial_rivers_micro_e
D:5:      layout_basic, mainiacjoe_overflow_small_starburst, marbit_many_paths,
          minmay_temple_entry_proselytizer, uniq_sigmund
D:6:      layout_loops_cross, xom_teletrap_fun, serial_bayou_ford_a
D:7:      layout_gridville, uniq_pikel
D:8:      layout_layer_cave, nicolae_gozag_zags_fifth_avenue, uniq_maurice
D:9:      layout_roguey, nicolae_overflow_hidden_temple,
          mainiacjoe_overflow_alcove_2, hellmonk_ghost_happy_afterlife,
          billiards_dpeg
D:10:     layout_cave_pods, dpeg_oklobed_lair, minmay_misc_feat_chi
D:11:     layout_long_grid, david_orc_3, uniq_psyche
Temple:   nicolae_temple_great_sept
Lair:1:   layout_layer_cave
Lair:2:   layout_gridlike, minmay_swamp_entry_worms, spider_nest_entry_webs,
          grunt_megastairs_1, uniq_maggie
Lair:3:   regret_index_bee_streams, layout_gridlike, lemuel_fruit_tree,
          serial_bayou_shore_a
Lair:4:   layout_gridlike, st_stairs_13, chequers_serial_rivers_marsh, uniq_urug
Lair:5:   evilmike_catoblepas_cave, layout_misc_corridors,
          minmay_slime_entry_pillars, lemuel_centaur_altar, lemuel_fruit_fields
Swamp:1:  layout_basic_swamp, evilmike_swamp_ruin_rubble_2
Orc:1:    layout_caves, basic_altar, uniq_snorg, uniq_fannar, uniq_nergalle
Orc:2:    grunt_orc_cross, layout_caves, nicolae_volcano_entry_lava_flow,
          gammafunk_ghost_wrathful_warriors, uniq_josephine

Skill      XL: |  1  2  3  4  5  6  7  8  9 10 11 12 13 14 |
---------------+-------------------------------------------+-----
Fighting       | 4 5 6 8 9 10 12 14 15 | 15.3
Axes           | 3 4 5 6 8 9 12 14 16 19 21 22 | 22.0
Armour         | 4 5 6 8 9 11 12 13 14 | 14.1
Shields        | 4 5 |  5.9
Throwing       | 1 |  1.5
Stealth        | 1 |  1.4
Evocations     | |  0.3

Action                   |  1- 3 |  4- 6 |  7- 9 | 10-12 | 13-15 || total
-------------------------+-------+-------+-------+-------+-------++-------
Melee: War axe           |    98 |   122 |   204 |   216 |       ||   640
       Battleaxe         |       |       |       |   299 |   452 ||   751
Throw: Javelin           |       |       |    14 |       |     1 ||    15
Invok: Call Merchant     |       |       |       |     1 |     1 ||     2
       Potion Petition   |       |       |       |       |     4 ||     4
Evoke: Wand              |       |       |     1 |       |       ||     1
  Use: Potion            |       |     2 |     2 |     5 |    14 ||    23
       Scroll            |       |    13 |     7 |     5 |    13 ||    38
 Stab: Distracted        |       |       |       |     4 |    12 ||    16
       Petrified         |       |       |       |       |     2 ||     2
       Petrifying        |       |       |       |       |     1 ||     1
       Invisible         |       |       |       |       |    14 ||    14
Armor: Scale mail        |    12 |       |       |       |       ||    12
       Chain mail        |    56 |    74 |    87 |       |       ||   217
       Crystal plate arm |       |       |     5 |   381 |   272 ||   658
Dodge: Dodged            |    46 |    41 |    54 |    99 |    67 ||   307
Block: Buckler           |    27 |    29 |    36 |    61 |       ||   153
